 Dungeon Crawl Stone Soup version 0.30.1-9-gdf580d7c3d (webtiles) character file.

Game seed: 3199025969417567320

1064 lonewolfV2 the Chopper (level 8, -1/61 HPs)
             Began as a Human Fighter on Sept 27, 2023.
             Engulfed by a steam dragon's steam (11 damage)
             ... on level 6 of the Dungeon.
             The game lasted 00:07:00 (4576 turns).

lonewolfV2 the Chopper (Human Fighter)              Turns: 4576, Time: 00:07:01

Health: -1/61      AC:  5    Str: 18    XL:     8   Next: 52%
Magic:  8/8        EV: 12    Int: 10    God:
Gold:   338        SH:  5    Dex: 12    Spells: 7/7 levels left

rFire   x . .        a - +0 war axe
rCold   + . .        c - +0 buckler
rNeg    . . .        d - +1 troll leather armour {Pargi}
rPois   .            (no helmet)
rElec   .            (no cloak)
rCorr   .            (no gloves)
SInv    .            (no boots)
Will    .....        s - amulet of magic regeneration
Stlth   +            o - ring of ice
HPRegen 1.10/turn    (no ring)
MPRegen 0.51/turn

%: no passive effects
@: no status effects
A: no striking features
a: no special abilities


You were on level 6 of the Dungeon.
You visited 1 branch of the dungeon, and saw 6 of its levels.
You also visited: Sewer.

You collected 338 gold pieces.

Inventory:

Hand Weapons
 a - a +0 war axe (weapon)
Armour
 b - a +0 scale mail
 c - a +0 buckler (worn)
 d - a +1 troll leather armour (worn) {Pargi}
Jewellery
 e - a +6 ring of strength
 o - a ring of ice (left hand)
 s - an amulet of magic regeneration (around neck)
Scrolls
 f - 3 scrolls of teleportation
 k - 2 scrolls of magic mapping
 n - 3 scrolls of amnesia
 p - a scroll of blinking
 q - a scroll of acquirement {unknown}
 u - a scroll of silence {unknown}
Potions
 g - 2 potions of attraction
 h - 2 potions of haste
 i - 2 potions of degeneration
 j - a potion of mutation {unknown}
 l - 2 potions of invisibility {unknown}
 m - 3 potions of brilliance
 r - a potion of resistance {unknown}
 t - a potion of lignification {unknown}


   Skills:
 + Level 4.7 Fighting
 + Level 6.2 Axes
 + Level 4.7 Armour
 + Level 3.5 Dodging
 + Level 1.0 Stealth
 + Level 4.2 Shields


You had 7 spell levels left.
You didn't know any spells.
Your spell library was empty.

Dungeon Overview and Level Annotations

Branches:
Dungeon (6/15)              Sewer (visited)
 Temple: D:4-7

Altars:
Cheibriados
Vehumet
Xom

Shops:
D:2 *   D:6 [


Message History

You kill the white imp!
You now have 308 gold pieces (gained 11).
You now have 323 gold pieces (gained 15).
You now have 338 gold pieces (gained 15).
Found a stone staircase leading down.
A steam dragon comes into view.
A steam dragon is nearby!
A steam dragon is nearby!
A steam dragon is nearby!
The helpless steam dragon fails to defend itself.
You hit the steam dragon but do no damage.
The steam dragon bites you but does no damage.
You block the steam dragon's attack. The steam dragon breathes steam at you.
The ball of steam hits you!!! The steam scalds you terribly!
Ouch! That really hurt!
You slash the steam dragon!
The steam dragon is moderately wounded.
You are engulfed in a cloud of scalding steam.
You block the steam dragon's attack. x2
You barely miss the steam dragon.
The steam dragon is moderately wounded.
The steam dragon breathes steam at you. The ball of steam misses you.
Unknown command.
You hit the steam dragon.
The steam dragon is heavily wounded.
You are engulfed in a cloud of scalding steam.
* * * LOW HITPOINT WARNING * * *
You block the steam dragon's attack. The steam dragon closely misses you.
You closely miss the steam dragon.
The steam dragon is heavily wounded.
You are engulfed in a cloud of scalding steam.
* * * LOW HITPOINT WARNING * * *
You block the steam dragon's attack. x2
Unknown command.
You closely miss the steam dragon.
The steam dragon is heavily wounded.
You are engulfed in a cloud of scalding steam.
You die...

### ..#######
........###########
..#####........D@.#
.## #.#########.#
.## #.# #.#
..#####.# #.#
.∩......# #.#
..##.##.# #.#
..##.##.#########.##
..##...............#
..#####.#########..#


You could see a steam dragon (catching breath).

Vanquished Creatures
  Pikel (D:5)
  Pargi (Sewer)
  2 bullfrogs (D:6)
  A hound (D:6)
  A jelly (D:5)
  Terence (D:2)
  3 iguanas
  2 orc wizards (D:5)
  5 adders
  A river rat (D:3)
  A shadow imp (D:6)
  A white imp (D:6)
  4 ufetubi
  4 dart slugs
  9 orcs
  4 bats
  8 endoplasms
  3 giant cockroaches
  5 goblins
  6 hobgoblins
  5 kobolds
  2 quokkas
  10 ball pythons
  9 frilled lizards
  2 rats
91 creatures vanquished.

Notes
Turn   | Place    | Note
-------+----------+-------------------------------------------
     0 | D:1      | lonewolfV2 the Human Fighter began the quest for the Orb.
     0 | D:1      | Reached XP level 1. HP: 18/18 MP: 1/1
    71 | D:1      | Reached XP level 2. HP: 16/24 MP: 2/2
   660 | D:1      | Reached XP level 3. HP: 29/29 MP: 3/3
  1390 | D:2      | Found Raelewk's Assorted Antiques.
  1700 | D:2      | Noticed Terence
  1712 | D:2      | Killed Terence
  1713 | D:2      | Reached XP level 4. HP: 33/35 MP: 4/4
  1876 | D:3      | Reached skill level 3 in Axes
  1908 | D:3      | Found a glowing drain.
  1930 | Sewer    | Entered a sewer
  1969 | Sewer    | Noticed Pargi
  1996 | Sewer    | Killed Pargi
  1997 | Sewer    | Reached skill level 1 in Dodging
  1997 | Sewer    | Reached XP level 5. HP: 35/42 MP: 5/5
  2134 | D:3      | Found a snail-covered altar of Cheibriados.
  2294 | D:3      | Reached XP level 6. HP: 48/48 MP: 6/6
  2310 | D:3      | Found a shimmering altar of Xom.
  2381 | D:3      | Found a radiant altar of Vehumet.
  2449 | D:3      | Found a faded altar of an unknown god.
  3095 | D:4      | Reached skill level 4 in Axes
  3506 | D:5      | Entered Level 5 of the Dungeon
  3630 | D:5      | Noticed Pikel
  3653 | D:5      | Killed Pikel
  3654 | D:5      | Reached skill level 5 in Axes
  3654 | D:5      | Reached XP level 7. HP: 29/55 MP: 7/7
  3654 | D:5      | Reached XP level 8. HP: 33/61 MP: 8/8
  3763 | D:5      | Reached skill level 1 in Stealth
  4316 | D:6      | Reached skill level 6 in Axes
  4487 | D:6      | Found Xahyxeq's Antique Armour Shoppe.
  4576 | D:6      | Engulfed by a steam dragon's steam

Illustrated notes

Levels and vault maps discovered:
D:1:      ncdulo_wetmaze, layout_rooms, minmay_shallow_snake_nest
D:2:      layout_loops_corners, serial_shops, nicolae_shop_real_fake_doors,
          serial_glass, glass_columns_c, glass_columns_a, glass_columns_b,
          glass_columns_a, glass_columns_b, glass_columns_a, st_stairs_12,
          uniq_terence
D:3:      layout_loops_ring, xom_teletrap_fun, lemuel_coloured_pillars_altar,
          cheibriados_altar_1, dreamdust_ecumenical_altar_sealed_demon,
          cheibrodos_sewer_entry_sluice
D:4:      layout_loops_corners, hangedman_decor_clover_reticule
D:5:      layout_basic, uniq_pikel
D:6:      layout_loops_ring, serial_shops, shop, gammafunk_ghost_smash,
          uniq_sigmund

Skill      XL: |  1  2  3  4  5  6  7  8 |
---------------+-------------------------+-----
Axes           | 3 5 6 |  6.2
Armour         | 4 |  4.7
Dodging        | 1 3 |  3.5
Fighting       | 4 |  4.7
Shields        | 4 |  4.2
Stealth        | 1 |  1.0

Action                     |  1- 3 |  4- 6 |  7- 9 || total
---------------------------+-------+-------+-------++-------
  Melee: War axe           |    93 |   158 |    90 ||   341
    Use: Scroll            |     2 |    10 |     2 ||    14
         Potion            |       |     6 |       ||     6
   Stab: Sleeping          |       |       |     1 ||     1
 Armour: Scale mail        |    48 |    44 |       ||    92
         Troll leather arm |       |    38 |    22 ||    60
  Dodge: Dodged            |    47 |   118 |    43 ||   208
  Block: Buckler           |    25 |    48 |    32 ||   105
